 Dungeon Crawl Stone Soup version 0.31-a0-435-g2c6fae2916 (webtiles) character file.

Game seed: 246439490685066594

74 Maxmaps the Shooter (level 4, -2/42 HPs)
             Began as an Octopode Shapeshifter on Aug 1, 2023.
             Slain by Grinder (5 damage)
             ... on level 3 of the Dungeon.
             The game lasted 00:02:04 (1623 turns).

Maxmaps the Shooter (Octopode Shapeshifter)         Turns: 1623, Time: 00:02:05

Health: -2/42      AC: 22    Str: 14    XL:     4   Next: 30%
Magic:  4/4        EV:  2    Int: 12    God:
Gold:   95         SH:  0    Dex: 12    Spells: 3/3 levels left

rFire   . . .        c - +2 sling (freeze)
rCold   . . .        (no shield)
rNeg    . . .        (helmet currently unavailable)
rPois   +            (no amulet)
rElec   .            (no ring)
rCorr   .            (no ring)
SInv    .            (no ring)
Will    .....        (no ring)
Stlth   +            (no ring)
HPRegen 0.27/turn    (no ring)
MPRegen 0.09/turn    (no ring)
                     (no ring)

%: no passive effects
@: tree-form
A: stationary, stasis, torment immunity, boosted hp, almost no armour,
(amphibious), 8 rings, (camouflage 1), (gelatinous body 1), (nimble swimmer 1),
(tentacles)
a: no special abilities


You were on level 3 of the Dungeon.
You were a tree.
You visited 1 branch of the dungeon, and saw 3 of its levels.

You collected 95 gold pieces.

Inventory:

Hand Weapons
 c - a +2 sling of freezing (weapon)
 d - a +0 orcbow
Talismans
 b - a beast talisman
Wands
 e - a wand of iceblast (10)
Scrolls
 g - a scroll of poison {unknown}
 h - 5 scrolls of identify {unknown}
 k - a scroll of teleportation {unknown}
 l - a scroll of brand weapon {unknown}
Potions
 f - 2 potions of degeneration {unknown}
 i - a potion of haste {unknown}
 j - a potion of enlightenment {unknown}
 m - a potion of might {unknown}


   Skills:
 - Level 1.6 Fighting
 + Level 3.5 Ranged Weapons
 - Level 2.0 Dodging
 - Level 3.0 Unarmed Combat
 - Level 3.0 Shapeshifting


You had 3 spell levels left.
You didn't know any spells.
Your spell library contained the following spells:

 Spells                   Type           Power      Damage    Failure   Level
 Apportation              Tloc           0%         N/A       32%         1
 Slow                     Hex            0%         N/A       32%         1
 Blink                    Tloc           0%         N/A       45%         2
 Confusing Touch          Hex            0%         N/A       69%         3
 Vampiric Draining        Necr           0%         2d6       69%         3
 Manifold Assault         Tloc           0%         N/A       97%         4
 Alistair's Intoxication  Tmut/Pois      0%         N/A       100%        5


Dungeon Overview and Level Annotations

Branches:
Dungeon (3/15)

Altars:

Annotations:
D:3 Grinder


Innate Abilities, Weirdness & Mutations

You are a tree.
Your roots penetrate the ground, keeping you stationary.
You cannot be teleported.
You are immune to unholy pain and torment.
Your maximum health is greatly increased.
You cannot wear most types of armour.
((You are amphibious.))
You can wear up to eight rings at the same time.
((Your skin changes colour to match your surroundings (Stealth+).))
((Your rubbery body absorbs attacks. (AC +1, EV +1)))
((You are camouflaged when in or above water. (Stealth+)))
((You have tentacles for arms and can constrict up to eight enemies at once.))


Message History

Grinder is moderately wounded.
Grinder hits you but does no damage.
You shoot a sling bullet. The sling bullet barely misses Grinder.
Grinder completely misses you.
You shoot a sling bullet.
The sling bullet hits Grinder but does no damage.
Grinder is moderately wounded.
Grinder hits you but does no damage. x2
You shoot a sling bullet. The sling bullet hits Grinder.
Grinder is moderately wounded.
Grinder hits you but does no damage.
You shoot a sling bullet. The sling bullet barely misses Grinder.
Grinder hits you.
* * * LOW HITPOINT WARNING * * *
You writhe in agony.
* * * LOW HITPOINT WARNING * * *
You shoot a sling bullet. The sling bullet hits Grinder.
Grinder is heavily wounded.
Grinder hits you but does no damage.
You shoot a sling bullet.
The sling bullet hits Grinder but does no damage.
Grinder is moderately wounded.
Grinder hits you.
* * * LOW HITPOINT WARNING * * *
Grinder hits you but does no damage.
You shoot a sling bullet. The sling bullet hits Grinder.
Grinder is heavily wounded.
Grinder hits you but does no damage.
You shoot a sling bullet. The sling bullet barely misses Grinder.
Grinder hits you but does no damage.
You shoot a sling bullet. The sling bullet hits Grinder.
Grinder is severely wounded.
Grinder hits you but does no damage.
You shoot a sling bullet. The sling bullet hits Grinder.
Grinder is severely wounded.
Grinder barely misses you.
You shoot a sling bullet. The sling bullet hits Grinder.
Grinder is almost dead.
Grinder hits you.
You die...

#.#..# #..
.....#.. . #.#
#.##.#.# . #.#
....)#.# .. #.#
#.##.#.# . #.#
#.##.#.# #.#.#
#.##.#.#
#.#.#######.##.#5#
#.....[........♣.#
###.#######.##.###
####.# #.#..#
...#.# .....#
##.#.# # ##.#..#
##.#.#.### #.#..#
##...#... #.#..#
#......# #.#..#
'......+


You could see Grinder.

Vanquished Creatures
  2 adders (D:2)
  A dart slug (D:2)
  3 endoplasms
  4 giant cockroaches
  9 goblins
  7 hobgoblins
  8 kobolds
  A quokka (D:1)
  2 ball pythons (D:1)
  3 bats
  4 frilled lizards
  6 rats
50 creatures vanquished.

Notes
Turn   | Place    | Note
-------+----------+-------------------------------------------
     0 | D:1      | Maxmaps the Octopode Shapeshifter began the quest for the
                  | Orb.
     0 | D:1      | Reached XP level 1. HP: 13/13 MP: 1/1
   219 | D:1      | Reached XP level 2. HP: 18/18 MP: 2/2
   223 | D:1      | Reached skill level 1 in Ranged Weapons
   419 | D:1      | Reached XP level 3. HP: 23/23 MP: 3/3
   891 | D:2      | Reached XP level 4. HP: 28/28 MP: 4/4
  1252 | D:2      | Found a faded altar of an unknown god.
  1600 | D:3      | Noticed Grinder
  1618 | D:3      | HP: 2/42 [Grinder (5)]
  1623 | D:3      | Slain by Grinder

Illustrated notes

Levels and vault maps discovered:
D:1:      dpeg_arrival_signposts, layout_basic, dk_noncrumbling_3,
          nrook_mini_backslash
D:2:      layout_basic, chequers_ecumenical_altar_twisty, grunt_ministairs_5
D:3:      layout_basic, uniq_jessica, uniq_grinder

Skill      XL: |  1  2  3 |
---------------+----------+-----
Ranged Weapons | 2 3 |  3.5
Fighting       | |  1.6
Dodging        | |  2.0
Unarmed Combat | |  3.0
Shapeshifting  | |  3.0

Action                     |  1- 3 |  4- 6 || total
---------------------------+-------+-------++-------
  Melee: Unarmed           |    10 |       ||    10
         Constrict         |     4 |       ||     4
         Tentacles         |     1 |       ||     1
   Fire: Sling             |    53 |    42 ||    95
    Use: Potion            |       |     1 ||     1
   Stab: Sleeping          |     3 |       ||     3
 Armour: Skin              |     1 |    13 ||    14
  Dodge: Dodged            |     4 |     8 ||    12

Table legend: (Time is in decaauts)
 A = Elapsed time spent in this place.
 B = Non-inter-level travel time spent in this place.
 C = Inter-level travel time spent in this place.
 D = Time resting spent in this place.
 E = Time spent auto-exploring this place.
 F = Levels seen in this place.
 G = Mean time per level.
                   A        B        C        D        E       F      G
               +--------+--------+--------+--------+--------+-----+--------+
         Total |   1646 |   1596 |     50 |      0 |   1331 |   3 |  548.7 |
       Dungeon |   1646 |   1596 |     50 |      0 |   1331 |   3 |  548.7 |
               +--------+--------+--------+--------+--------+-----+--------+

Top non-repeatable levels by time:
     D:2: 780 daAuts
     D:1: 776 daAuts
     D:3: 88 daAuts
